 Dungeon Crawl Stone Soup version 0.30-a0-586-g23e55c9e0a (webtiles) character file.

Game seed: 16864005050730658321

4708 Dartaoz the Zephyrmancer (level 10, -1/60 HPs)
             Began as a Tengu Air Elementalist on Jan 3, 2023.
             Was a Believer of Sif Muna.
             Slain by Erica
             ... wielding a +2 scimitar of flaming
              (14 damage)
             ... on level 9 of the Dungeon.
             The game lasted 00:44:03 (10955 turns).

Dartaoz the Zephyrmancer (Tengu Air Elementalist)  Turns: 10955, Time: 00:44:03

Health: -1/60      AC:  3    Str:  9    XL:     10   Next: 45%
Magic:  7/19       EV: 18    Int: 19    God:    Sif Muna [**....]
Gold:   294        SH:  0    Dex: 15    Spells: 10/20 levels left

rFire   + . .      SeeInvis .    k - +2 short sword (elec)
rCold   . . .      Faith    .    (no shield)
rNeg    . . .      Spirit   .    q - +0 robe {Will+}
rPois   .          Reflect  .    (helmet restricted)
rElec   .          Harm     .    h - +0 cloak
rCorr   .          Rampage  .    (no gloves)
Will    +....                    (boots unavailable)
Stlth   +++                      y - amulet of regeneration
HPRegen 1.10/turn                c - ring of protection from fire
MPRegen 0.16/turn                (no ring)

@: flying quickly and evasively, quick
A: beak, talons 3, nimble flight
a: Renounce Religion, Channel Magic


You were on level 9 of the Dungeon.
You worshipped Sif Muna.
Sif Muna was pleased with you.
You visited 2 branches of the dungeon, and saw 10 of its levels.

You collected 368 gold pieces.
You spent 74 gold pieces at shops.

Inventory:

Hand Weapons
 d - a +0 dagger
 e - a +0 short sword
 j - a +1 spear of pain
 k - a +2 short sword of electrocution (weapon)
Missiles
 K - a throwing net
Armour
 a - a +0 robe
 h - a +0 cloak (worn)
 q - a +0 robe of willpower (worn)
Magical Staves
 B - a staff of poison
Jewellery
 c - a ring of protection from fire (left hand)
 p - an amulet of the acrobat
 y - an amulet of regeneration (around neck)
 I - an amulet of regeneration
Wands
 o - a wand of polymorph (9)
 L - a wand of light (4)
 N - a wand of paralysis (2)
Scrolls
 f - a scroll of blinking {unknown}
 i - 2 scrolls of teleportation
 l - a scroll of silence {unknown}
 m - 2 scrolls of amnesia
 n - a scroll of fog
 s - 3 scrolls of enchant weapon
 t - a scroll of poison {unknown}
 u - a scroll of noise {unknown}
 v - a scroll of vulnerability {unknown}
 A - a scroll of enchant armour {unknown}
 G - a scroll of butterflies
 J - a scroll of immolation {unknown}
Potions
 b - 3 potions of magic
 g - 2 potions of invisibility
 r - a potion of degeneration
 w - a potion of flight {unknown}
 x - 2 potions of brilliance
 z - 2 potions of curing
 C - a potion of attraction {unknown}
 D - a potion of cancellation {unknown}
 E - 3 potions of lignification
 F - 2 potions of heal wounds {unknown}
 H - 3 potions of resistance
 M - a potion of haste


   Skills:
 + Level 5.6 Fighting
 + Level 6.6 Dodging
 + Level 6.6 Stealth
 + Level 5.5 Spellcasting
 + Level 7.6 Conjurations
 + Level 8.8 Air Magic
 + Level 4.0 Invocations


You had 10 spell levels left.
You knew the following spells:

 Your Spells              Type           Power      Damage    Failure   Level
a - Shock                 Conj/Air       100%       1d9       1%          1
b - Static Discharge      Conj/Air       72%        2-5/arc   1%          2
c - Swiftness             Air            39%        N/A       1%          3
d - Airstrike             Air            19%        2d(3-19)  3%          4

Your spell library contained the following spells:

 Spells                   Type           Power      Damage    Failure   Level
 Magic Dart               Conj           100%       1d8       1%          1
 Momentum Strike          Conj/Tloc      38%        3d9       3%          2
 Mephitic Cloud           Conj/Pois/Air  26%        N/A       3%          3
 Blink                    Tloc           10%        N/A       19%         2
 Call Imp                 Summ           5%         N/A       19%         2
 Ensorcelled Hibernation  Hex/Ice        10%        N/A       19%         2
 Passwall                 Tmut/Erth      4%         N/A       19%         2
 Scorch                   Fire           10%        2d5       19%         2
 Flame Wave               Conj/Fire      19%        2d7       24%         4
 Frozen Ramparts          Ice            10%        1d2       34%         3
 Gell's Gravitas          Tloc           5%         N/A       34%         3
 Inner Flame              Hex/Fire       5%         N/A       34%         3
 Lesser Beckoning         Tloc           10%        N/A       34%         3
 Teleport Other           Tloc           5%         N/A       34%         3
 Cause Fear               Hex            2%         N/A       75%         4
 Ice Form                 Ice/Tmut       5%         N/A       75%         4
 Summon Ice Beast         Ice/Summ       5%         N/A       75%         4
 Dispersal                Tloc           2%         N/A       100%        6
 Summon Cactus Giant      Summ           2%         N/A       100%        6
 Discord                  Hex            2%         N/A       100%        8


Dungeon Overview and Level Annotations

Branches:
Dungeon (9/15)             Temple (1/1) D:5
   Lair: D:8-11         Orc: D:9-12

Altars:
Ashenzari
Cheibriados
Dithmenos
Elyvilon
Fedhas
Gozag
Hepliaklqana
Kikubaaqudgha
Makhleb
Nemelex Xobeh
Okawaru
Qazlal
Ru
Sif Muna
Trog
Uskayaw
Vehumet
Wu Jian
Xom
Yredelemnul
The Shining One

Shops:
D:3 [   D:8 *(:

Annotations:
D:9 Erica


Innate Abilities, Weirdness & Mutations

You have a beak for a mouth.
You have claws for feet.
Your magical nature lets you fly swiftly and evasively.


Message History

Press: ? - help, Q - select action, (/) - cycle Shift-Dir - straight line Something closely misses you.
Aiming: Shock (safe; 1% risk of failure)
Press: ? - help, Q - select action, (/) - cycle Shift-Dir - straight line You hear some strange, mumbled words.
Something tries to affect you, but you resist.
Aiming: Shock (safe; 1% risk of failure)
Press: ? - help, Q - select action, (/) - cycle Shift-Dir - straight line You hear some strange, mumbled words.
Something tries to affect you, but you resist.
Aiming: Shock (safe; 1% risk of failure)
Press: ? - help, Q - select action, (/) - cycle Shift-Dir - straight line Something hits you!
Something burns you.
You closely miss something. Your kick misses something.
Something closely misses you.
You barely miss something. Something barely misses you.
You closely miss something. Your peck misses something.
Something closely misses you.
You closely miss something.
You hear some strange, mumbled words.
Something tries to affect you, but you resist.
You hit something. Your peck misses something. Something barely misses you.
You miss something. Your peck misses something. Something hits you!
Something burns you.
You hit something. Something barely misses you.
You hit something. You claw something. Something hits you. Something burns you.
* * * LOW HITPOINT WARNING * * *
Okay, then.
You feel better. Something hits you. Something burns you.
You barely miss something. Your kick misses something. You peck something.
Something hits you!
* * * LOW HITPOINT WARNING * * *
Something burns you.
* * * LOW HITPOINT WARNING * * *
You hit something. You claw something.
You hear some strange, mumbled words.
Something tries to affect you, but you resist.
You hit something but do no damage. You claw something. You peck something.
Something hits you!
You die...

## ... ############ ....
#..........## .....##
#..........'.
......<#####..........##
#{@...'..........#
#######..........#
#..........#
###'######## #.## #..#
##.# #.# ###.#####
####.####


There were no monsters in sight!

Vanquished Creatures
  A two-headed ogre (D:9)
  A wraith (D:9)
  6 yaks (D:8)
  A steam dragon (D:5)
  Edmund (D:5)
  An orc warrior (D:8)
  4 sky beasts
  An ogre (D:5)
  3 centaurs
  A phantom (D:5)
  Blork the orc (D:5)
  2 kobold brigands
  5 bullfrogs
  5 necrophages
  2 scorpions
  3 gnoll sergeants
  A howler monkey (D:6)
  A hound (D:5)
  4 orc priests
  4 jellies
  7 orc wizards
  6 iguanas
  12 gnolls
  7 adders
  3 worms
  4 dart slugs
  20 orcs
  6 ball pythons
  11 bats
  5 endoplasms
  5 giant cockroaches
  7 goblins
  6 hobgoblins
  13 jackals
  6 quokkas
  2 frilled lizards (D:2)
  14 kobolds
  6 rats
188 creatures vanquished.

Vanquished Creatures (others)
  An orc wizard (D:5)
  A gnoll (D:6)
  17 fungi
19 creatures vanquished.

Grand Total: 207 creatures vanquished

Notes
Turn   | Place    | Note
-------+----------+-------------------------------------------
     0 | D:1      | Dartaoz the Tengu Air Elementalist began the quest for the
                  | Orb.
     0 | D:1      | Reached XP level 1. HP: 10/10 MP: 4/4
   232 | D:1      | Reached XP level 2. HP: 15/16 MP: 0/6
   596 | D:1      | Reached skill level 1 in Fighting
   596 | D:1      | Reached XP level 3. HP: 19/20 MP: 0/7
   726 | D:1      | Learned a level 2 spell: Static Discharge
   730 | D:1      | Learned a level 3 spell: Swiftness
  1106 | D:2      | Reached XP level 4. HP: 25/25 MP: 2/8
  1247 | D:2      | Found Tecuhaj's Distillery.
  2421 | D:3      | Gained mutation: Your magical nature lets you fly swiftly
                  | and evasively. [Tengu growth]
  2421 | D:3      | Reached XP level 5. HP: 12/29 MP: 6/9
  2711 | D:3      | Found Honof's Antique Armour Shop.
  2719 | D:3      | Bought a glowing robe for 74 gold pieces
  3373 | D:4      | Found a shadowy altar of Dithmenos.
  3425 | D:4      | Found an opulent altar of Gozag.
  3668 | D:4      | Reached skill level 5 in Air Magic
  3668 | D:4      | Reached XP level 6. HP: 6/35 MP: 1/11
  4178 | D:5      | Entered Level 5 of the Dungeon
  4205 | D:5      | Noticed Blork the orc
  4413 | D:5      | Learned a level 4 spell: Airstrike
  4860 | D:5      | Killed Blork the orc
  4861 | D:5      | Reached XP level 7. HP: 33/40 MP: 2/12
  5320 | D:5      | Noticed Edmund
  5373 | D:5      | Killed Edmund
  5579 | D:5      | Reached skill level 6 in Air Magic
  5642 | D:5      | Found a staircase to the Ecumenical Temple.
  6005 | D:5      | Found a hide-covered altar of Uskayaw.
  6152 | D:5      | Reached XP level 8. HP: 46/46 MP: 5/14
  6552 | Temple   | Entered the Ecumenical Temple
  6610 | Temple   | Became a worshipper of Sif Muna the Loreminder
  6755 | D:5      | Reached skill level 5 in Conjurations
  6755 | D:5      | Reached skill level 1 in Invocations
  6877 | D:6      | You are sucked into a shaft and drop 1 floor!
  6892 | D:7      | Found a bloodstained altar of Trog.
  7110 | D:7      | Found an ancient bone altar of Kikubaaqudgha.
  7250 | D:7      | Reached skill level 5 in Dodging
  7250 | D:7      | Reached skill level 5 in Stealth
  7250 | D:7      | Reached skill level 7 in Air Magic
  7775 | D:7      | Reached XP level 9. HP: 35/52 MP: 5/16
  7855 | D:7      | Found a glowing golden altar of the Shining One.
  7939 | D:7      | Found a burning altar of Makhleb.
  8426 | D:6      | Reached * piety under Sif Muna
  8747 | D:6      | Found a blossoming altar of Fedhas.
  9095 | D:8      | Found Obiajyat's Weapon Boutique.
  9134 | D:8      | Found Qiheol's Assorted Antiques.
  9696 | D:8      | Reached skill level 5 in Spellcasting
  9696 | D:8      | Reached skill level 8 in Air Magic
  9719 | D:8      | Reached skill level 5 in Fighting
  9719 | D:8      | Reached XP level 10. HP: 56/59 MP: 10/18
  9947 | D:8      | Found Gigux's Book Shoppe.
 10215 | D:9      | Noticed a two-headed ogre
 10218 | D:9      | Killed a two-headed ogre
 10505 | D:9      | Reached ** piety under Sif Muna
 10639 | D:9      | Noticed Erica
 10955 | D:9      | Slain by Erica

Illustrated notes

Levels and vault maps discovered:
D:1:      erik_arrival_blinker_ship, layout_rooms
D:2:      layout_rooms, serial_shops, nicolae_shop_hallway_plus,
          minmay_quantized
D:3:      layout_rooms, serial_shops, nicolae_shop_trees
D:4:      cheibrodos_helix_gallery, layout_basic,
          nicolae_dithmenos_shadow_blocks, grunt_gozag_statues
D:5:      layout_loops_corners, mainiacjoe_overflow_alcove_2,
          minmay_temple_entry_drinking_statues, serial_aquarium,
          aquarium_bridge_square [aquarium_subvault_wall,
          aquarium_subvault_bridge, aquarium_subvault_window,
          aquarium_subvault_bridge], aquarium_bridge_long_joined
          [aquarium_subvault_bridge, aquarium_subvault_bridge,
          aquarium_subvault_window, aquarium_subvault_bridge,
          aquarium_subvault_bridge, aquarium_subvault_balcony],
          aquarium_window_corner, aquarium_window_corner, aquarium_view_2d,
          aquarium_balcony_5b, kennysheep_potato, uniq_blork_the_orc,
          uniq_edmund
D:6:      layout_cave_pools, fedhas_altar_4
D:7:      layout_basic, mainiacjoe_overflow_concentric_impassable,
          mainiacjoe_overflow_large_starburst, kennysheep_mini_moat,
          supply_closet_lemuel
D:8:      layout_loops_ring, serial_shops, nicolae_shop_behind_doors, shop,
          shop_fountains, dreamdust_mushroom_princess,
          nicolae_figureground_pulse
D:9:      layout_roguey, mainiacjoe_overflow_alcove_1, uniq_erica
Temple:   cyrus_circular_temple

Skill      XL: |  1  2  3  4  5  6  7  8  9 10 |
---------------+-------------------------------+-----
Fighting       | 1 2 3 4 5 |  5.6
Conjurations   | 2 3 4 5 7 |  7.6
Dodging        | 3 4 5 6 |  6.6
Stealth        | 3 4 5 6 |  6.6
Air Magic      | 5 6 7 8 |  8.8
Spellcasting   | 3 4 5 |  5.5
Invocations    | 1 3 4 |  4.0

Action                   |  1- 3 |  4- 6 |  7- 9 | 10-12 || total
-------------------------+-------+-------+-------+-------++-------
Melee: Unarmed           |    14 |       |       |       ||    14
       Peck              |     5 |     2 |     7 |     6 ||    20
       Kick              |     3 |     7 |     8 |     9 ||    27
       Punch             |     1 |       |       |       ||     1
       Short sword       |     8 |    16 |    36 |    30 ||    90
       Dagger            |     2 |       |       |       ||     2
       Spear             |       |     1 |       |       ||     1
 Cast: Shock             |    76 |   155 |   197 |    49 ||   477
       Static Discharge  |       |     6 |    23 |     2 ||    31
       Airstrike         |       |       |    17 |    12 ||    29
  Use: Potion            |       |       |     1 |     1 ||     2
       Scroll            |       |       |       |    11 ||    11
Armor: Robe              |     9 |     2 |     5 |       ||    16
Dodge: Dodged            |    41 |    20 |    89 |    30 ||   180

Table legend: (Time is in decaauts)
 A = Elapsed time spent in this place.
 B = Non-inter-level travel time spent in this place.
 C = Inter-level travel time spent in this place.
 D = Time resting spent in this place.
 E = Time spent auto-exploring this place.
 F = Levels seen in this place.
 G = Mean time per level.
                   A        B        C        D        E       F      G
               +--------+--------+--------+--------+--------+-----+--------+
         Total |  10495 |  10272 |    223 |    962 |   7754 |  10 | 1049.5 |
       Dungeon |  10428 |  10205 |    223 |    962 |   7723 |   9 | 1158.7 |
        Temple |     66 |     66 |      0 |      0 |     30 |   1 |   66.0 |
               +--------+--------+--------+--------+--------+-----+--------+

Top non-repeatable levels by time:
     D:5: 2577 daAuts
     D:2: 1339 daAuts
     D:4: 1127 daAuts
     D:8: 1092 daAuts
     D:7: 1075 daAuts
     D:1: 877 daAuts
     D:6: 816 daAuts
     D:3: 809 daAuts
     D:9: 714 daAuts
  Temple: 66 daAuts
